 Dungeon Crawl Stone Soup version 0.23.2-1-ga50397a (webtiles) character file.

Game seed: 6763321353046656457

107 MalarOregon the Cutter (level 4, -3/37 (38) HPs)
             Began as a Ghoul Gladiator on May 26, 2019.
             Was an Initiate of Nemelex Xobeh.
             Slain by Sigmund
             ... wielding a +0 scythe of slicing
              (9 damage)
             ... on level 3 of the Dungeon.
             The game lasted 00:03:48 (2266 turns).

MalarOregon the Cutter (Ghoul Gladiator)            Turns: 2266, Time: 00:03:49

HP:   -3/37 (38)    AC:  4    Str: 22    XL:     4   Next: 85%
MP:   3/3           EV: 12    Int:  4    God:    Nemelex Xobeh [......]
Gold: 80            SH:  5    Dex: 10    Spells: 3/3 levels left

rFire    . . .     SeeInvis .   a - +2 rapier
rCold    + . .     Gourm    .   q - +2 buckler
rNeg     + + +     Faith    .   b - +0 leather armour
rPois    ∞         Spirit   .   c - +0 helmet
rElec    .         Reflect  .   (no cloak)
rCorr    .         Harm     .   (no gloves)
MR       .....                  (no boots)
Stlth    +.........             (no amulet)
HPRegen  0.00/turn              (no ring)
MPRegen  0.08/turn              (no ring)

@: mighty, rotting
A: rotting body, claws 1, carnivore, cold resistance 1, negative energy
resistance 3, inhibited regeneration, torment resistance, unbreathing
a: Draw Escape, Draw Destruction, Draw Summoning, Renounce Religion


You were on level 3 of the Dungeon.
You worshipped Nemelex Xobeh.
Nemelex Xobeh was noncommittal.
You were not hungry.

You visited 1 branch of the dungeon, and saw 3 of its levels.

You collected 80 gold pieces.

Inventory:

Hand Weapons
 a - a +2 rapier (weapon)
Missiles
 d - 3 throwing nets (quivered) {!f}
Armour
 b - a +0 leather armour (worn)
 c - a +0 helmet (worn)
 q - a +2 buckler (worn)
   (You found it on level 2 of the Dungeon)
Scrolls
 f - a scroll of identify {@r1}
 p - 2 scrolls of remove curse {@r2}
Potions
 h - a potion of might
 i - 2 potions of brilliance
 j - a potion of berserk rage {unknown}
 l - a potion of degeneration {unknown}
 n - 3 potions of curing {@q1}
 o - a potion of agility {unknown}
Comestibles
 e - 5 rations {!d}


   Skills:
 + Level 3.0 Fighting
 * Level 3.6 Short Blades
 - Level 1.7 Throwing
 + Level 3.2 Dodging
 + Level 1.8 Stealth
 + Level 0.0 Shields
 + Level 1.0 Invocations


You had 3 spell levels left.
You didn't know any spells.
Your spell library was empty.

Dungeon Overview and Level Annotations

Branches:
Dungeon (3/15)

Altars:
Nemelex Xobeh
Zin

Annotations:
D:3 Sigmund


Innate Abilities, Weirdness & Mutations

Your body is rotting away.
You thrive on raw meat.
You are immune to poison.
You have sharp fingernails.
You are carnivorous and can eat meat at any time.
Your flesh is cold resistant. (rC+)
You are immune to negative energy. (rN+++)
You do not regenerate when monsters are visible.
You are immune to unholy pain and torment.
You can survive without breathing.


Message History

It was a scroll of immolation.
As you read the scroll labeled XUOFEA FOOZEBB, it crumbles to dust.
It is a scroll of identify.
n - 3 potions of curing
As you read the scroll of identify {@r1}, it crumbles to dust.
i - 2 potions of brilliance
As you read the scroll of identify {@r1}, it crumbles to dust.
h - 2 potions of might
As you read the scroll labeled ZAS TAOFYDD, it crumbles to dust.
It is a scroll of enchant weapon.
Your +0 rapier glows red for a moment.
As you read the scroll of enchant weapon, it crumbles to dust.
Your +1 rapier glows red for a moment.
Okay, then.
p - 2 scrolls of remove curse {@r2} (gained 1) As you open the door, it creaks loudly!
Sigmund shouts!
You feel very mighty all of a sudden.
Sigmund gestures wildly while chanting.
Sigmund flickers and vanishes!
Deactivating autopickup; reactivate with Ctrl-A.
Found a ring mail.
There is an open door here.
A kobold comes into view.
Something hits you.
Unknown command.
Unknown command.
You closely miss something. Something hits you!
* * * LOW HITPOINT WARNING * * *
* * * LOW HITPOINT WARNING * * *
You closely miss something.
You hear some strange, mumbled words.
A magic dart appears from out of thin air!
The magic dart hits you.
* * * LOW HITPOINT WARNING * * *
Something hits you.
* * * LOW HITPOINT WARNING * * *
* * * LOW HITPOINT WARNING * * *
The bat barely misses you.
Okay, then.
The bat barely misses you.
Unknown command.
You block the bat's attack.
There is an open door here.
The bat closely misses you. The bat hits you but does no damage.
The bat hits you but does no damage. Something hits you!
You die...
Your body disappears without a glow.

.......+......#
########......#
....#.........#
###.#.........#
#.#.##......####
#.#.##.....K'K.#
###)#.##......##.#
......##########b#
###.### ####@# #.#
#..÷.# #.# #.####
#.# #######.# #.#
#.......# #.#
#.####### #.# #.#
#.# #.# #.# #.#


You could see a bat and a kobold.

Vanquished Creatures
  An orc wizard (D:3)
  2 adders
  2 oozes
  2 dart slugs (D:2)
  4 orcs (D:3)
  9 bats
  3 giant cockroaches
  7 goblins
  A hobgoblin (D:2)
  2 jackals (D:2)
  7 kobolds
  A quokka (D:3)
  4 frilled lizards
  4 rats
49 creatures vanquished.

Notes
Turn   | Place    | Note
-------+----------+-------------------------------------------
     0 | D:1      | MalarOregon the Ghoul Gladiator began the quest for the
                  | Orb.
     0 | D:1      | Reached XP level 1. HP: 17/17 MP: 0/0
    83 | D:1      | Reached XP level 2. HP: 10/25 MP: 1/1
   356 | D:1      | Reached skill level 1 in Stealth
   450 | D:1      | Reached XP level 3. HP: 28/30 MP: 2/2
   758 | D:2      | Found a sparkling altar of Nemelex Xobeh.
   830 | D:2      | Became a worshipper of Nemelex Xobeh the Trickster
  1071 | D:2      | Found a glowing silver altar of Zin.
  1071 | D:2      | Noticed an angel
  1081 | D:2      | Received a gift from Nemelex Xobeh
  1324 | D:2      | Reached XP level 4. HP: 23/37 MP: 3/3
  1815 | D:3      | Reached skill level 1 in Invocations
  2096 | D:3      | Noticed Sigmund
  2266 | D:3      | Slain by Sigmund

Skill      XL: |  1  2  3  4 |
---------------+-------------+-----
Short Blades   | 3 |  3.6
Stealth        | 1 |  1.8
Dodging        | 3 |  3.2
Fighting       | 3 |  3.0
Invocations    | 1 |  1.0
Throwing       | |  1.7

Action                   |  1- 3 |  4- 6 || total
-------------------------+-------+-------++-------
Melee: Rapier            |   109 |    60 ||   169
  Use: Scroll            |       |     7 ||     7
       Potion            |       |     1 ||     1
  Eat: Chunk             |     3 |     2 ||     5
Armor: Leather armour    |    36 |    19 ||    55
Dodge: Dodged            |    78 |    20 ||    98
Block: Buckler           |       |    13 ||    13
